 Dungeon Crawl Stone Soup version 0.29-a0-334-gb41bcbb86e (webtiles) character file.

Game seed: 17526651856322659694

90 spaghetti the Magician (level 4, -1/33 HPs)
             Began as a Demigod Air Elementalist on Apr 14, 2022.
             Killed from afar by Natasha (8 damage)
             ... with a magic dart
             ... on level 2 of the Dungeon.
             The game lasted 00:03:21 (2435 turns).

spaghetti the Magician (Demigod Air Elementalist)   Turns: 2435, Time: 00:03:22

Health: -1/33      AC:  2    Str:  9    XL:     4   Next: 11%
Magic:  7/12       EV: 12    Int: 21    God:
Gold:   121        SH:  0    Dex: 14    Spells: 4/10 levels left

rFire   . . .      SeeInvis .   f - +0 short sword {short}
rCold   . . .      Faith    .   (no shield)
rNeg    . . .      Spirit   .   a - +0 robe
rPois   .          Reflect  .   (no helmet)
rElec   .          Harm     .   (no cloak)
rCorr   .          Rampage  .   (no gloves)
Will    .....                   (no boots)
Stlth   ++........              (no amulet)
HPRegen 0.11/turn               (no ring)
MPRegen 0.13/turn               (no ring)

@: slowed, very slow
A: high MP 1, forlorn, divine attributes
a: no special abilities


You were on level 2 of the Dungeon.
You visited 1 branch of the dungeon, and saw 2 of its levels.

You collected 121 gold pieces.


Innate Abilities, Weirdness & Mutations

You have an increased reservoir of magic. (+10% MP)
You shall have no god before yourself.
Your divine heritage dramatically boosts your attributes as you level up.


   Skills:
 - Level 1.7 Dodging
 - Level 1.7 Stealth
 + Level 3.9 Spellcasting
 + Level 1.0 Conjurations
 + Level 2.7 Air Magic


You had 4 spell levels left.
You knew the following spells:

 Your Spells              Type           Power      Damage    Failure   Level
a - Shock                 Conj/Air       44%        1d5       5%          1
b - Static Discharge      Conj/Air       11%        N/A       9%          2
c - Swiftness             Air            15%        N/A       12%         3

Your spell library contained the following spells:

 Spells                   Type           Power      Damage    Failure   Level
 Summon Guardian Golem    Hex/Summ       4%         N/A       36%         3
 Airstrike                Air            7%         N/A       36%         4
 Orb of Destruction       Conj           4%         9d5       100%        7
 Spellforged Servitor     Conj/Summ      3%         N/A       100%        7

Inventory:

Hand Weapons
 d - a +0 club {mace}
   (You found it on level 1 of the Dungeon)
 e - a +0 whip {mace}
   (You took it off a kobold on level 1 of the Dungeon)
 f - a +0 short sword (weapon) {short}
   (You found it on level 1 of the Dungeon)
 g - a +0 short sword {short}
   (You found it on level 1 of the Dungeon)
Missiles
 c - 95 stones {throwing}
Armour
 a - a +0 robe (worn)
Jewellery
 j - a ring of positive energy
   (You found it on level 1 of the Dungeon)
Scrolls
 h - a scroll of amnesia {unknown}
 i - a scroll of vulnerability {unknown}
 k - 2 scrolls of identify {unknown}
 m - a scroll of brand weapon {unknown}
Potions
 b - a potion of magic
 l - a potion of lignification {!q}

Dungeon Overview and Level Annotations

Branches:
Dungeon (2/15)

Annotations:
D:2 Natasha

########.............
#.....#...........
#.###.#........### #.#
#.#........# #.#
#..........###
#.#####.#.#.......
#.......#.#.......
###########.#.#.......
#....@h...#.#.........
#.###.#.#.#.##########
#.# # #.# # #.# #.# #
#.# #.# # #.# #.# #
#.# #.# # #.# #.# #
#.# #.#


You could see Natasha.


Message History

A ball python is nearby!
A ball python is nearby!
The zap hits the ball python.
You kill the ball python!
Your Conjurations skill increases to level 1! 😎 MP[-1]
You lost 1 mp, and now have 10/12 mp.
No target in view!
No target in view!
No target in view!
No target in view!
No target in view!
No target in view!
Key pressed, stopping explore.
Key pressed, stopping explore.
Key pressed, stopping explore.
A rat comes into view. 😎 MP[+2]
Your mp is fully restored (12).
The zap hits the rat. 😎 MP[-1]
You lost 1 mp, and now have 11/12 mp.
The zap hits the rat.
You kill the rat!
No target in view!
No target in view! 😎 MP[-1]
You lost 1 mp, and now have 10/12 mp.
No target in view!
No target in view!
No target in view!
No target in view!
No target in view!
No target in view!
No target in view!
No target in view!
No target in view!
No target in view!
No target in view!
No target in view!
No target in view!
No target in view!
You see here a +0 club {mace}.
Key pressed, stopping explore.
Key pressed, stopping explore.
There is a stone staircase leading down here.
Key pressed, stopping explore.
You now have 114 gold pieces (gained 10).
You now have 121 gold pieces (gained 7).
Natasha, Servant of Life and Death comes into view.
Natasha moves out of view. 😎 MP[+2]
Your mp is fully restored (12).
No target in view!
No target in view!
No target in view!
No target in view!
No target in view!
No target in view!
No target in view!
Natasha is nearby!
You barely miss Natasha. Natasha casts a spell at you.
You feel yourself slow down.
You closely miss Natasha. Natasha casts a spell at you.
The magic dart hits you. Natasha barely misses you. 😕 HP[-2]
You take 2 damage, and now have 31/33 hp.
Unknown command.
Aiming: Shock (safe; 5% risk of failure)
Press: ? - help, Q - select action, (/) - cycle Shift-Dir - straight line, f - Natasha
Aim: Natasha (60% to hit)
The zap misses Natasha.
Natasha claws you! 😮 HP[-8] MP[-1]
You take 8 damage, and now have 23/33 hp.
MASSIVE DAMAGE!! (PAUSE)
You lost 1 mp, and now have 11/12 mp.
Casting: Shock (safe; 5% risk of failure)
Confirm with . or Enter, or press ? or * to list all spells.
Natasha is struck by an arc of lightning!
You are struck by an arc of lightning.
The lightning grounds out.
Natasha claws you!
* * * LOW HITPOINT WARNING * * *
Natasha claws you.
* * * LOW HITPOINT WARNING * * *
😱 HP[-15] MP[-2]
You take 15 damage, and now have 8/33 hp.
MASSIVE DAMAGE!! (PAUSE)
You lost 2 mp, and now have 9/12 mp.
Casting: Static Discharge (safe; 9% risk of failure)
Confirm with . or Enter, or press ? or * to list all spells.
Natasha is struck by an arc of lightning.
You are struck by an arc of lightning.
* * * LOW HITPOINT WARNING * * *
The lightning grounds out.
Natasha casts a spell at you. The magic dart hits you!
You die...

Skill      XL: |  1  2  3  4 |
---------------+-------------+-----
Spellcasting   | 2 3 |  3.9
Conjurations   | 1 |  1.0
Dodging        | |  1.7
Stealth        | |  1.7
Air Magic      | |  2.7

Action                   |  1- 3 |  4- 6 || total
-------------------------+-------+-------++-------
Melee: Short sword       |    20 |     2 ||    22
 Cast: Shock             |    83 |    13 ||    96
       Static Discharge  |       |     2 ||     2
  Use: Potion            |     2 |       ||     2
Armor: Robe              |     4 |       ||     4
       Skin              |     1 |       ||     1
Dodge: Dodged            |    26 |     1 ||    27

Levels and vault maps discovered:
D:1:      dpeg_arrival_leaves_temple_mockup, layout_loops_ring,
          hellmonk_ecumenical_altar_inner_sanctum, hex_medium,
          kennysheep_flooded_box
D:2:      layout_basic, uniq_jessica, uniq_natasha

Notes
Turn   | Place    | Note
-------+----------+-------------------------------------------
     0 | D:1      | spaghetti the Demigod Air Elementalist began the quest for
                  | the Orb.
     0 | D:1      | Reached XP level 1. HP: 14/14 MP: 5/5
     0 | D:1      | magus.rc [v1.9.6]
   255 | D:1      | Reached skill level 2 in Spellcasting
   817 | D:1      | Reached XP level 2. HP: 20/20 MP: 4/8
  1413 | D:2      | Reached skill level 3 in Spellcasting
  1414 | D:2      | Reached XP level 3. HP: 26/26 MP: 5/10
  2008 | D:2      | You pick up a book of Dangerous Friends and begin
                  | reading...
  2008 | D:2      | You add the spells Summon Guardian Golem, Orb of
                  | Destruction and Spellforged Servitor to your library.
  2065 | D:2      | Noticed Jessica
  2070 | D:2      | Killed Jessica
  2071 | D:2      | Reached XP level 4. HP: 33/33 MP: 5/12
  2074 | D:2      | Learned a level 2 spell: Static Discharge
  2078 | D:2      | Learned a level 3 spell: Swiftness
  2218 | D:2      | Reached skill level 1 in Conjurations
  2429 | D:2      | Noticed Natasha
  2434 | D:2      | HP: 8/33 [Natasha (5)]
  2435 | D:2      | Killed from afar by Natasha

Vanquished Creatures
  Jessica (D:2)
  2 adders (D:2)
  A worm (D:2)
  A dart slug (D:1)
  5 bats
  2 endoplasms
  4 giant cockroaches
  6 goblins
  2 hobgoblins (D:1)
  A quokka (D:1)
  4 ball pythons
  3 frilled lizards
  3 kobolds (D:1)
  9 rats
44 creatures vanquished.

Table legend:
 A = Non-vault XP
 B = Vault XP
 C = Vault XP percentage of total XP
 D = Non-vault monster count
 E = Vault monster count
 F = Vault count percentage of total count
                 A         B        C        D         E       F
            +---------+---------+-------+---------+---------+-------
      Total |      92 |      37 |  28.7 |      43 |       1 |   2.3
            +---------+---------+-------+---------+---------+-------
        D:1 |      31 |       0 |   0.0 |      19 |       0 |   0.0
        D:2 |      61 |      37 |  37.8 |      24 |       1 |   4.0
            +---------+---------+-------+---------+---------+-------

Illustrated notes

Table legend:
 A = Kills in this place as a percentage of kills in entire the game.
 B = Kills by you in this place as a percentage of kills by you in the entire game.
 C = Kills by friends in this place as a percentage of kills by friends in the entire game.
 D = Other kills in this place as a percentage of other kills in the entire game.
 E = Experience gained in this place as a percentage of experience gained in the entire game.
 F = Experience gained in this place divided by the number of levels of this place that you have seen.
                   A       B       C       D       E      F
               +-------+-------+-------+-------+-------+----------------------
         Total | 100.0 | 100.0 |   N/A |   N/A | 100.0 |  64.5
       Dungeon | 100.0 | 100.0 |   N/A |   N/A | 100.0 |  64.5
               +-------+-------+-------+-------+-------+----------------------

Table legend: (Time is in decaauts)
 A = Elapsed time spent in this place.
 B = Non-inter-level travel time spent in this place.
 C = Inter-level travel time spent in this place.
 D = Time resting spent in this place.
 E = Time spent auto-exploring this place.
 F = Levels seen in this place.
 G = Mean time per level.
                   A        B        C        D        E       F      G
               +--------+--------+--------+--------+--------+-----+--------+
         Total |   2437 |   2389 |     48 |    278 |   1896 |   2 | 1218.5 |
       Dungeon |   2437 |   2389 |     48 |    278 |   1896 |   2 | 1218.5 |
               +--------+--------+--------+--------+--------+-----+--------+

Top non-repeatable levels by time:
     D:1: 1310 daAuts
     D:2: 1127 daAuts
